 Dungeon Crawl Stone Soup version 0.31.0-9-g3a7656b989 (webtiles) character file.

Game seed: 14626537893353540352

1 GordonOverkill the Sneak (level 1, -5/27 HPs)
             Began as a Formicid Delver on Jan 25, 2024.
             Slain by a water moccasin (7 damage)
             ... on level 7 of the Dungeon.
             The game lasted 00:01:25 (192 turns).

GordonOverkill the Sneak (Formicid Delver)           Turns: 192, Time: 00:01:25

Health: -5/27      AC: 20    Str: 16    XL:     1   Next: 22%
Magic:  1/1        EV:  2    Int:  9    God:
Gold:   38         SH:  0    Dex: 15    Spells: 0/0 levels left

rFire   . . .        a - +0 mace
rCold   . . .        (no shield)
rNeg    . . .        b - melded +0 leather armour
rPois   +            (helmet unavailable)
rElec   .            (cloak currently unavailable)
rCorr   .            (gloves currently unavailable)
SInv    .            (boots currently unavailable)
Will    .....        (no amulet)
Stlth   +++          (no ring)
HPRegen 0.24/turn    (no ring)
MPRegen 0.07/turn

%: no passive effects
@: lethally poisoned (-5 -> -15), tree-form, studying Throwing
A: stationary, stasis, torment immunity, boosted hp, permanent stasis, dig
shafts and tunnels, (antennae 3), four strong arms
a: no special abilities


You were on level 7 of the Dungeon.
You were a tree.
You visited 1 branch of the dungeon, and saw 3 of its levels.

You collected 38 gold pieces.

Inventory:

Hand Weapons
 a - a +0 mace (weapon)
Armour
 b - a +0 leather armour (melded)
Wands
 f - a wand of digging (3)
Scrolls
 c - a scroll of fog
 d - a scroll of revelation
 e - 2 scrolls of identify
 g - a scroll of teleportation {unknown}
 h - a scroll of silence {unknown}
 k - 2 scrolls of enchant armour {unknown}
 l - a scroll of enchant weapon {unknown}
Potions
 i - a potion of heal wounds


   Skills:
 + Level 3.4 Fighting
 - Level 2.0 Maces & Flails
 - Level 1.7 Dodging
 - Level 6.0 Stealth


You couldn't memorise any spells.
You didn't know any spells.
Your spell library was empty.

Dungeon Overview and Level Annotations

Branches:
Dungeon (7/15)
 Temple: D:4-7

Altars:


Innate Abilities, Weirdness & Mutations

You are a tree.
Your roots penetrate the ground, keeping you stationary.
You cannot be teleported.
You are immune to unholy pain and torment.
Your maximum health is greatly increased.
Your equipment is partially melded.
You cannot be hasted, slowed, berserked, paralysed or teleported.
You can dig through walls and to a lower floor.
((You have a pair of large antennae on your head. (SInv)))
Your four strong arms can wield two-handed weapons with a shield.


Message History

The water moccasin bites you but does no damage.
You barely miss the water moccasin.
The water moccasin is lightly wounded.
The water moccasin bites you but does no damage.
The kobold hits you but does no damage.
You miss the water moccasin.
The water moccasin is lightly wounded.
The water moccasin bites you but does no damage.
The kobold hits you but does no damage.
The water moccasin bites you but does no damage.
The kobold hits you but does no damage.
You sock the water moccasin!
The water moccasin is moderately wounded.
The water moccasin bites you but does no damage. x2
The kobold hits you but does no damage.
You closely miss the water moccasin.
The water moccasin is moderately wounded.
The water moccasin bites you but does no damage.
The kobold hits you but does no damage.
The water moccasin bites you but does no damage.
You hit the water moccasin.
The water moccasin is heavily wounded.
The water moccasin bites you.
* * * LOW HITPOINT WARNING * * *
The kobold hits you but does no damage.
The water moccasin bites you but does no damage.
You miss the water moccasin.
The water moccasin is heavily wounded.
The kobold hits you but does no damage.
The water moccasin bites you but does no damage.
The kobold hits you but does no damage. The water moccasin bites you.
* * * LOW HITPOINT WARNING * * *
You are lethally poisoned!
The water moccasin poisons you!
You miss the water moccasin.
The water moccasin is heavily wounded.
* * * LOW HITPOINT WARNING * * *
You feel very sick. The water moccasin bites you!
You die...

#. #. ..# { #.#+
#...# #.#. #...#
#.#.###...# {
#.#......### .
#.##.......##
...,#K♣SK.......#
#..B###........##
#....K....<.....#
###.###K........#
.............#
#..############
#. .. .


You could see a water moccasin, a kobold brigand, a bombardier beetle and a
kobold.

Vanquished Creatures
  A quokka (D:5)
1 creature vanquished.

Notes
Turn   | Place    | Note
-------+----------+-------------------------------------------
     0 | D:5      | GordonOverkill the Formicid Delver began the quest for the
                  | Orb.
     0 | D:5      | Reached XP level 1. HP: 18/18 MP: 1/1
    87 | D:5      | Noticed a sleepcap
   122 | D:6      | Noticed a sleepcap
   163 | D:7      | Noticed a water moccasin
   170 | D:7      | Noticed a kobold brigand
   183 | D:7      | Noticed a bombardier beetle
   192 | D:7      | Slain by a water moccasin

Illustrated notes

Levels and vault maps discovered:
D:5:      layout_basic, nicolae_hepliaklqana_hazy_memory,
          gammafunk_ghost_mausoleum, grunt_ministairs_15, minivault_25,
          minmay_misc_feat_rugged, minmay_chambers_of_fives
D:6:      layout_basic, temple_green, serial_curves, eino_curves_01,
          eino_curves_01, eino_curves_02
D:7:      layout_basic, dreamdust_divine_triumvirate,
          makhleb_blood_cavern_becter

Action                     || total
---------------------------++-------
  Melee: Mace              ||    17
    Use: Scroll            ||     2
         Potion            ||     1
 Armour: Skin              ||    38
         Leather armour    ||     3
  Dodge: Dodged            ||     3
